 Dungeon Crawl Stone Soup version 0.30.0-19-g36f170ea60 (webtiles) character file.

Game seed: 9492712256618293945

3068 Graphine the Gusty (level 9, 0/66 (74) HPs)
             Began as a Purple Draconian Air Elementalist on May 28, 2023.
             Was a Priest of Makhleb.
             Slain by a hell rat (12 damage)
             ... on level 7 of the Dungeon.
             The game lasted 00:24:07 (7019 turns).

Graphine the Gusty (DrAE)                           Turns: 7019, Time: 00:24:07

HP:   0/66 (74)     AC:  9    Str: 11    XL:     9   Next: 58%
MP:   4/18          EV: 13    Int: 19    God:    Makhleb [***...]
Gold: 292           SH:  0    Dex: 12    Spells: 10/20 levels left

rFire   . . .        b - +3 quarterstaff (chaos)
rCold   . . .        (shield currently unavailable)
rNeg    . . .        (body armour unavailable)
rPois   .            (helmet restricted)
rElec   .            (no cloak)
rCorr   +            (no gloves)
SInv    .            q - +1 pair of boots
Will    +....        g - amulet of regeneration
Stlth   ++           n - ring of Skepticism {rCorr Slay+3}
HPRegen 1.11/turn    (no ring)
MPRegen 0.16/turn

%: no passive effects
@: swift, studying Throwing, heavily drained, very quick
A: breathe power, AC +7, unfitting armour, cold-blooded
a: Breathe Dispelling Energy, Renounce Religion, Minor Destruction, Lesser
Servant of Makhleb


You were on level 7 of the Dungeon.
You worshipped Makhleb.
Makhleb was most pleased with you.
You visited 1 branch of the dungeon, and saw 7 of its levels.

You collected 292 gold pieces.

Inventory:

Hand Weapons
 b - a +3 quarterstaff of chaos (weapon)
 k - a +0 vampiric falchion
Missiles
 f - 17 poisoned darts
 w - a throwing net
Armour
 q - a +1 pair of boots (worn)
Magical Staves
 r - a staff of fire
Jewellery
 g - an amulet of regeneration (around neck)
 n - the ring of Skepticism (left hand) {rCorr Slay+3}
   (You found it on level 3 of the Dungeon)

   [ring of resist corrosion]

   Slay:      It affects your accuracy & damage with ranged weapons and melee
   (+3).
   rCorr:     It protects you from acid and corrosion.
 y - a ring of fire
Wands
 m - a wand of roots (8)
 t - a wand of flame (14)
Scrolls
 h - 2 scrolls of fear
 j - a scroll of noise
 o - a scroll of blinking
 p - 2 scrolls of amnesia
 v - a scroll of teleportation
 x - a scroll of identify
Potions
 a - a potion of heal wounds
 c - 2 potions of curing
 d - a potion of might
 e - 5 potions of flight
 i - 3 potions of attraction {unknown}
 l - 2 potions of degeneration {unknown}
 s - a potion of brilliance {unknown}


   Skills:
 + Level 5.3 Fighting
 + Level 4.8 Dodging
 - Level 1.7 Stealth
 + Level 6.1 Spellcasting
 * Level 7.2 Conjurations
 * Level 7.8 Air Magic


You had 10 spell levels left.
You knew the following spells:

 Your Spells              Type           Power      Damage    Failure   Level
a - Shock                 Conj/Air       100%       1d9       1%          1
b - Static Discharge      Conj/Air       68%        2-5/arc   1%          2
c - Swiftness             Air            35%        N/A       1%          3
d - Airstrike             Air            17%        2d(3-19)  4%          4

Your spell library contained the following spells:

 Spells                   Type           Power      Damage    Failure   Level
 Magic Dart               Conj           100%       1d8       1%          1
 Searing Ray              Conj           66%        2d6       1%          2
 Slow                     Hex            20%        N/A       11%         1
 Fulminant Prism          Conj/Hex       9%         3d7       26%         4
 Iskenderun's Mystic Bla  Conj/Tloc      19%        2d6       26%         4
 Confusing Touch          Hex            5%         N/A       32%         3
 Ozocubu's Armour         Ice            5%         N/A       32%         3
 Vampiric Draining        Necr           5%         2d6       32%         3
 Volatile Blastmotes      Fire/Tloc      10%        2d10      32%         3
 Lee's Rapid Deconstruct  Erth           2%         3d5*      97%         5
 Metabolic Englaciation   Hex/Ice        2%         N/A       97%         5
 Simulacrum               Ice/Necr       2%         N/A       100%        6


Dungeon Overview and Level Annotations

Branches:
Dungeon (7/15)             Temple (0/1) D:5

Altars:
Ashenzari
Cheibriados
Makhleb
Qazlal
Ru
Trog
Uskayaw

Shops:
D:6 (


Innate Abilities, Weirdness & Mutations

You can breathe bolts of dispelling energy.
Your rich purple scales are hard. (AC +7)
You cannot fit into any form of body armour.
You are cold-blooded and may be slowed by cold attacks.


Message History

The lightning grounds out.
The hell rat bites you!
You feel drained. The hell rat bites you!
* * * LOW HITPOINT WARNING * * *
Casting: Static Discharge (safe; 1% risk of failure)
Confirm with . or Enter, or press ? or * to list all spells.
The hell rat is struck by an arc of lightning.
The hell rat is moderately wounded.
The river rat is struck by an arc of lightning.
The river rat is heavily wounded.
The hell rat is struck by an arc of lightning.
The hell rat is severely wounded.
The hell rat is struck by an arc of lightning.
The hell rat is severely wounded.
The lightning grounds out.
The hell rat barely misses you.
The hell rat bites you but does no damage.
Okay, then.
Casting: Static Discharge (safe; 1% risk of failure)
Confirm with . or Enter, or press ? or * to list all spells.
The hell rat is struck by an arc of lightning!
The hell rat is almost dead.
You are struck by an arc of lightning.
* * * LOW HITPOINT WARNING * * *
The hell rat is struck by an arc of lightning.
You kill the hell rat!
Makhleb accepts your kill.
You feel better.
The hell rat is struck by an arc of lightning.
The hell rat is almost dead.
The lightning grounds out.
The hell rat is struck by an arc of lightning.
You kill the hell rat!
Makhleb accepts your kill.
You are struck by an arc of lightning.
* * * LOW HITPOINT WARNING * * *
The hell rat is struck by an arc of lightning.
The hell rat is almost dead.
You are struck by an arc of lightning.
* * * LOW HITPOINT WARNING * * *
The lightning grounds out.
The hell rat bites you!
You die...

#.# #.# #.# #.#####
#.....# #.###.###
###########..#
###.††.†r.# #..#
####†.##.@r#...##.##
#.#.#######r# ##.#
##†## r. ##.## #.###
.##†### ##..##
.##..## ###.##
####.# ##†#####
######†##
##..#.###.#...##
###.#...#.####


You could see a hell rat and 3 river rats.

Vanquished Creatures
  A manticore (D:6)
  A troll (D:6)
  A wraith (D:6)
  4 yaks (D:6)
  A water moccasin (D:6)
  An ice beast (D:5)
  3 phantoms
  Blork the orc (D:4)
  An electric eel (D:6)
  3 jellies
  4 orc priests
  3 hounds (D:5)
  Ijyb (D:4)
  3 gnoll boudas
  3 sleepcaps
  Crazy Yiuf (D:2)
  7 iguanas
  2 orc wizards (D:6)
  4 hell rats (D:7)
  Robin (D:2)
  7 adders
  13 gnolls
  12 river rats (D:7)
  2 white imps
  4 ufetubi
  3 worms
  2 dart slugs
  21 orcs
  4 ball pythons
  4 endoplasms
  5 giant cockroaches
  11 goblins
  10 hobgoblins
  2 kobolds
  4 quokkas
  3 bats
  3 frilled lizards (D:1)
  2 rats (D:3)
  A butterfly (D:5)
159 creatures vanquished.

Notes
Turn   | Place    | Note
-------+----------+-------------------------------------------
     0 | D:1      | Graphine the Draconian Air Elementalist began the quest for
                  | the Orb.
     0 | D:1      | Reached XP level 1. HP: 14/14 MP: 3/3
   629 | D:1      | Found a faded altar of an unknown god.
   681 | D:1      | Reached XP level 2. HP: 20/20 MP: 1/5
   753 | D:1      | Learned a level 2 spell: Static Discharge
   951 | D:2      | Noticed Robin
   988 | D:2      | Killed Robin
   989 | D:2      | Reached XP level 3. HP: 19/27 MP: 3/6
  1108 | D:2      | Learned a level 3 spell: Swiftness
  1124 | D:2      | Identified the +1 scale mail of the Ditch-Digger {rPois rC+
                  | Slay+5 Stlth-}
  1444 | D:2      | Found a runed translucent door.
  1445 | D:2      | Noticed Crazy Yiuf
  1667 | D:2      | Killed Crazy Yiuf
  1668 | D:2      | Reached skill level 1 in Fighting
  1668 | D:2      | Reached XP level 4. HP: 19/35 MP: 0/7
  2203 | D:3      | Identified the ring of Skepticism {rCorr Slay+3}
  2480 | D:3      | Found a burning altar of Makhleb.
  2489 | D:3      | Became a worshipper of Makhleb the Destroyer
  2675 | D:3      | Found a hide-covered altar of Uskayaw.
  2998 | D:4      | Noticed a phantom
  3006 | D:4      | Killed a phantom
  3007 | D:4      | Reached XP level 5. HP: 34/41 MP: 8/8
  3015 | D:4      | Noticed Ijyb
  3024 | D:4      | Killed Ijyb
  3138 | D:4      | Reached XP level 6. HP: 28/48 MP: 1/10
  3231 | D:4      | Noticed Blork the orc
  3242 | D:4      | Killed Blork the orc
  3319 | D:4      | Found a broken altar of Ashenzari.
  3320 | D:4      | Found a sacrificial altar of Ru.
  3320 | D:4      | Found a bloodstained altar of Trog.
  3464 | D:4      | Reached * piety under Makhleb
  3710 | D:4      | Identified the +1 robe "Leijili" {Dex+3}
  3724 | D:4      | Reached skill level 5 in Air Magic
  3724 | D:4      | Your scales start taking on a rich purple colour.
  3724 | D:4      | Reached XP level 7. HP: 39/56 MP: 4/12
  4233 | D:5      | Entered Level 5 of the Dungeon
  4241 | D:5      | Found a snail-covered altar of Cheibriados.
  4261 | D:5      | Found a staircase to the Ecumenical Temple.
  4278 | D:5      | Found a stormy altar of Qazlal.
  4465 | D:5      | Learned a level 4 spell: Airstrike
  4493 | D:5      | Reached ** piety under Makhleb
  5070 | D:5      | Reached XP level 8. HP: 56/63 MP: 10/14
  5121 | D:5      | Reached skill level 5 in Conjurations
  5611 | D:6      | Found Vinaaf's Weapon Shoppe.
  6355 | D:6      | Noticed a troll
  6367 | D:6      | Reached skill level 5 in Spellcasting
  6367 | D:6      | Noticed a manticore
  6369 | D:6      | Reached XP level 9. HP: 64/72 MP: 1/17
  6374 | D:6      | Reached *** piety under Makhleb
  6376 | D:6      | Killed a troll
  6383 | D:6      | Killed a manticore
  6384 | D:6      | Reached skill level 5 in Fighting
  7019 | D:7      | Slain by a hell rat

Illustrated notes

Levels and vault maps discovered:
D:1:      dpeg_arrival_rooms_b, layout_loops_ring,
          dilly_ecumenical_altar_fadedgnrine
D:2:      layout_loops_ring, minmay_quantized, uniq_crazy_yiuf_cottage,
          uniq_robin
D:3:      layout_basic, mainiacjoe_overflow_24_doors, bloody_makhleb
D:4:      layout_basic, chequers_temple_overflow_statue_of_worship,
          minmay_misc_feat_iff, nicolae_eternal_life, uniq_ijyb,
          uniq_blork_the_orc
D:5:      layout_basic, kennysheep_little_box, nicolae_qazlal_eye_of_the_storm,
          minmay_temple_entry_butterflies, kennysheep_generic_room_4
D:6:      cheibrodos_helix_gallery, layout_basic, serial_shops,
          nicolae_diamond_shop, minivault_4, chequers_serial_rivers_micro_d,
          minmay_manual_moon
D:7:      wander_guarded_unrand_ratskin, layout_loops_ring,
          palyth_temple_overflow_mages, mainiacjoe_overflow_brackets, hex_tiny,
          minmay_three_doors

Skill      XL: |  1  2  3  4  5  6  7  8  9 |
---------------+----------------------------+-----
Dodging        | 2 3 4 |  4.8
Fighting       | 1 2 3 4 5 |  5.3
Conjurations   | 2 3 4 6 7 |  7.2
Air Magic      | 4 5 7 |  7.8
Spellcasting   | 3 4 5 6 |  6.1
Stealth        | |  1.7

Action                     |  1- 3 |  4- 6 |  7- 9 || total
---------------------------+-------+-------+-------++-------
  Melee: Short sword       |    39 |       |       ||    39
         Unarmed           |     7 |       |       ||     7
         Tailslap          |     7 |     9 |    14 ||    30
         Falchion          |     1 |       |       ||     1
         Quarterstaff      |       |    85 |   102 ||   187
   Cast: Shock             |    37 |    27 |   128 ||   192
         Static Discharge  |     5 |    14 |    14 ||    33
         Swiftness         |       |     7 |     8 ||    15
         Airstrike         |       |       |     3 ||     3
Ability: Breathe Dispellin |       |       |     1 ||     1
    Use: Scroll            |     4 |     5 |     4 ||    13
         Potion            |     1 |       |     1 ||     2
   Stab: Sleeping          |       |     2 |     3 ||     5
 Armour: Skin              |    21 |    30 |    51 ||   102
  Dodge: Dodged            |    36 |    60 |    97 ||   193
